 Dungeon Crawl Stone Soup version 0.20.0-10-g0535bb4 (webtiles) character file.

151 tilp the Firebug (level 5, -2/38 HPs)
             Began as a Draconian Fire Elementalist on June 4, 2017.
             Slain by Grinder (3 damage)
             ... on level 3 of the Dungeon.
             The game lasted 00:05:38 (2150 turns).

tilp the Firebug (Draconian Fire Elementalist)      Turns: 2150, Time: 00:05:39

Health: -2/38      AC:  5    Str: 10    XL:     5   Next: 11%
Magic:  8/10       EV: 12    Int: 17    God:
Gold:   97         SH:  0    Dex: 11    Spells: 2/11 levels left

rFire    . . .     SeeInvis .   v - +0 war axe
rCold    . . .     Gourm    .   (no shield)
rNeg     . . .     Faith    .   (armour unavailable)
rPois    .         Spirit   .   (helmet restricted)
rElec    .         Reflect  .   (no cloak)
rCorr    .         Harm     .   (no gloves)
MR       .....                  (no boots)
Stlth    ++........             (no amulet)
Regen    0.2/turn               (no ring)
MPRegen  0.2/turn               (no ring)

@: no status effects
A: unfitting armour, cold-blooded, AC +5
a: no special abilities


You were on level 3 of the Dungeon.
You were hungry.

You visited 1 branch of the dungeon, and saw 3 of its levels.

You collected 97 gold pieces.

Inventory:

Hand Weapons
 g - a +0 dagger
 n - a +0 short sword
 v - a +0 war axe (weapon)
Jewellery
 u - an uncursed amulet of the gourmand {unknown}
Scrolls
 c - a scroll of remove curse {unknown}
 e - a scroll of amnesia {unknown}
 f - 2 scrolls of teleportation {unknown}
 j - a scroll of fog {unknown}
 k - a scroll of identify {unknown}
Potions
 d - a potion of lignification {unknown}
 i - a potion of might {unknown}
 l - 2 potions of ambrosia {unknown}
 o - a potion of degeneration {unknown}
 p - a potion of mutation {unknown}
 s - a potion of resistance {unknown}
 t - a potion of flight {unknown}
Books
 a - a book of Flames

   Spells                             Type                      Level
   a - Flame Tongue                   Conjuration/Fire             1
   b - Throw Flame                    Conjuration/Fire             2
   c - Conjure Flame                  Conjuration/Fire             3
   d - Inner Flame                    Hexes/Fire                   3
   e - Sticky Flame                   Conjuration/Fire             4
   f - Fireball                       Conjuration/Fire             5
Comestibles
 b - 3 bread rations
 h - a meat ration
 m - 2 royal jellies
 q - 14 chunks of flesh
 r - 5 fruits


   Skills:
 - Level 1.5 Short Blades
 * Level 0.2 Axes
 - Level 1.7 Dodging
 - Level 1.7 Stealth
 * Level 3.6 Spellcasting
 - Level 1.0 Conjurations
 + Level 4.3 Fire Magic


You had 2 spell levels left.
You knew the following spells:

 Your Spells              Type           Power        Failure   Level  Hunger
a - Flame Tongue          Conj/Fire      ##...        5%          1    None
b - Throw Flame           Conj/Fire      ##....       9%          2    ##.....
c - Conjure Flame         Conj/Fire      ##......     17%         3    ###....
d - Inner Flame           Hex/Fire       ##......     21%         3    ###....


Dungeon Overview and Level Annotations

Branches:
Dungeon (3/15)

Altars:
Dithmenos
Elyvilon
Fedhas
Gozag
Nemelex Xobeh

Annotations:
D:3 1 runed door, Grinder


Innate Abilities, Weirdness & Mutations

Your plain brown scales are hard. (AC +5)
You cannot fit into any form of body armour.
You are cold-blooded and may be slowed by cold attacks.


Message History

Casting: Flame Tongue
Confirm with . or Enter, or press ? or * to list all spells.
Aiming: Flame Tongue
Press: ? - help, Shift-Dir - straight line, f/p - Grinder
Aim: Grinder The flame tongue hits Grinder.
Grinder appears unharmed.
Grinder hits you.
* * * LOW HITPOINT WARNING * * *
You writhe in agony.
* * * LOW HITPOINT WARNING * * *
Casting: Flame Tongue
Confirm with . or Enter, or press ? or * to list all spells.
Okay, then.
Okay, then.
Grinder gestures at you.
You suddenly lose the ability to move!
You can move again.
You barely miss Grinder. Grinder hits you.
* * * LOW HITPOINT WARNING * * *
You writhe in agony.
You die...

##...# ♣♣.♣ #### #....#
♣.♣♣ # #....# ♣♣.♣♣ #
....# ♣...♣♣ # ...#
♣PP..♣ # #..# ##..## #
##..###....#
#.###.##...### #@#
#........#
######5###.###.##.#####
...........##
#.##....). .###########
#.######## #.# #.#
#.#### #.)..# ####.#


You could see Grinder.

Vanquished Creatures
  Jessica (D:2)
  Natasha (twice) (D:2)
  An adder (D:3)
  2 worms
  A dart slug (D:1)
  3 leopard geckos (D:1)
  3 orcs (D:3)
  4 giant cockroaches
  8 hobgoblins
  3 jackals (D:1)
  2 quokkas (D:3)
  2 ball pythons (D:2)
  5 bats
  4 frilled lizards
  4 goblins
  5 kobolds
  4 rats
54 creatures vanquished.

Notes
Turn   | Place    | Note
-------+----------+-------------------------------------------
     0 | D:1      | tilp the Draconian Fire Elementalist began the quest for the Orb.
     0 | D:1      | Reached XP level 1. HP: 14/14 MP: 3/3
   153 | D:1      | Reached XP level 2. HP: 18/20 MP: 1/5
   160 | D:1      | Learned a level 2 spell: Throw Flame
   901 | D:2      | Found a sparkling altar of Nemelex Xobeh.
   912 | D:2      | Found a blossoming altar of Fedhas.
   968 | D:2      | Reached XP level 3. HP: 21/26 MP: 7/7
   973 | D:2      | Learned a level 3 spell: Conjure Flame
  1063 | D:2      | Found an opulent altar of Gozag.
  1063 | D:2      | Found a shadowy altar of Dithmenos.
  1064 | D:2      | Found a white marble altar of Elyvilon.
  1247 | D:2      | Noticed Jessica
  1258 | D:2      | Killed Jessica
  1258 | D:2      | Reached skill level 1 in Short Blades
  1437 | D:2      | Reached XP level 4. HP: 33/33 MP: 8/8
  1446 | D:2      | Learned a level 3 spell: Inner Flame
  1526 | D:2      | Noticed Natasha
  1537 | D:2      | Killed Natasha
  1537 | D:2      | Reached skill level 4 in Fire Magic
  1641 | D:2      | Noticed Natasha
  1649 | D:2      | Killed Natasha
  1925 | D:3      | Reached XP level 5. HP: 37/38 MP: 10/10
  2110 | D:3      | Found a runed door.
  2131 | D:3      | Noticed Grinder
  2148 | D:3      | Paralysed by Grinder for 2 turns
  2150 | D:3      | HP: 1/38 [Grinder (1)]
  2150 | D:3      | Slain by Grinder

Skill      XL: |  1  2  3  4 |
---------------+-------------+-----
Short Blades   | 1 |  1.5
Spellcasting   | 3 |  3.6
Fire Magic     | 4 |  4.3
Axes           | |  0.2
Dodging        | |  1.7
Stealth        | |  1.7
Conjurations   | |  1.0

Action                   |  1- 3 |  4- 6 || total
-------------------------+-------+-------++-------
Melee: Dagger            |    58 |       ||    58
       Short sword       |    67 |    56 ||   123
       Tailslap          |    14 |     5 ||    19
       War axe           |       |    32 ||    32
 Cast: Flame Tongue      |    13 |    22 ||    35
       Throw Flame       |       |     1 ||     1
 Stab: Sleeping          |     4 |     3 ||     7
  Eat: Chunk             |     2 |     2 ||     4
Armor: Skin              |    31 |    27 ||    58
Dodge: Dodged            |    76 |    72 ||   148
